 Dungeon Crawl Stone Soup version 0.30.0-29-ga12c61a403 (webtiles) character file.

Game seed: 1387408017360011885

8171 LynnLen the Unseen (level 11, -4/47 HPs)
             Began as a Spriggan Enchanter on June 9, 2023.
             Was a Follower of Dithmenos.
             Slain by a seven-headed hydra (15 damage)
             ... on level 1 of the Lair of Beasts.
             The game lasted 00:30:05 (10722 turns).

LynnLen the Unseen (Spriggan Enchanter)            Turns: 10722, Time: 00:30:06

Health: -4/47      AC:  3    Str:  4    XL:     11   Next: 6%
Magic:  26/26      EV: 17    Int: 23    God:    Dithmenos [*.....]
Gold:   598        SH:  0    Dex: 16    Spells: 2/30 levels left

rFire   . . .        w - +3 short sword of Diet Blood {venom, Int+2}
rCold   + . .        (no shield)
rNeg    . . .        b - +1 robe
rPois   .            (helmet restricted)
rElec   .            l - scarf {+Inv}
rCorr   .            (gloves unavailable)
SInv    +            (boots unavailable)
Will    +....        e - amulet of regeneration
Stlth   ++++         G - ring of protection from cold
HPRegen 1.07/turn    (no ring)
MPRegen 0.20/turn

%: no passive effects
@: wreathed by umbra, slow
A: very small, no large weapons, unfitting armour, see invisible, speed 3
a: Renounce Religion, Evoke Invisibility


You were on level 1 of the Lair of Beasts.
You worshipped Dithmenos.
Dithmenos was aware of your devotion.
You visited 3 branches of the dungeon, and saw 10 of its levels.

You collected 598 gold pieces.

Inventory:

Hand Weapons
 w - the +3 short sword of Diet Blood (weapon) {venom, Int+2}
   (You found it on level 4 of the Dungeon)

   Int:       It affects your intelligence (+2).
Missiles
 s - 2 throwing nets
 u - 17 poisoned darts (quivered)
Armour
 b - a +1 robe (worn)
 l - a scarf of invisibility (worn)
Jewellery
 e - an amulet of regeneration (around neck)
 F - an amulet of the acrobat
 G - a ring of protection from cold (left hand)
 I - a ring of ice
 M - a ring of fire
Wands
 D - a wand of charming (6)
 K - a wand of flame (3)
 L - a wand of acid (3)
Scrolls
 a - 6 scrolls of teleportation
 h - 2 scrolls of noise
 i - a scroll of immolation {unknown}
 j - 3 scrolls of fog
 n - 2 scrolls of silence
 o - a scroll of enchant armour
 q - 6 scrolls of poison
 r - 3 scrolls of fear
 t - a scroll of magic mapping {unknown}
 v - a scroll of identify
 y - 2 scrolls of blinking {unknown}
 A - 2 scrolls of summoning {unknown}
 B - a scroll of amnesia {unknown}
 J - a scroll of torment {unknown}
Potions
 c - a potion of invisibility
 d - 3 potions of degeneration
 f - 2 potions of heal wounds
 g - 3 potions of curing {unknown}
 k - a potion of cancellation {unknown}
 m - a potion of haste {unknown}
 p - 4 potions of mutation {unknown}
 x - 2 potions of lignification {unknown}
 z - a potion of resistance {unknown}
 C - 2 potions of berserk rage {unknown}
 E - 4 potions of brilliance {unknown}
 H - a potion of might {unknown}


   Skills:
 - Level 1.1 Short Blades
 - Level 2.6 Dodging
 + Level 15.1 Stealth
 + Level 10.3 Spellcasting
 + Level 10.2 Hexes
 * Level 1.9 Summonings
 * Level 1.9 Fire Magic
 - Level 2.0 Ice Magic
 * Level 9.2 Evocations


You had 2 spell levels left.
You knew the following spells:

 Your Spells              Type           Power      Damage    Failure   Level
a - Ensorcelled Hibernat  Hex/Ice        80%        N/A       1%          2
b - Confusing Touch       Hex            56%        N/A       1%          3
c - Tukima's Dance        Hex            56%        N/A       1%          3
d - Summon Guardian Gole  Hex/Summ       39%        N/A       1%          3
e - Inner Flame           Hex/Fire       40%        N/A       1%          3
f - Ozocubu's Armour      Ice            21%        N/A       7%          3
g - Flame Wave            Conj/Fire      16%        2d7       36%         4
h - Enfeeble              Hex            28%        N/A       56%         7

Your spell library contained the following spells:

 Spells                   Type           Power      Damage    Failure   Level
 Freeze                   Ice            84%        1d9       2%          1
 Summon Small Mammal      Summ           80%        N/A       2%          1
 Scorch                   Fire           40%        2d7       3%          2
 Apportation              Tloc           22%        N/A       5%          1
 Necrotise                Necr           44%        1d6       5%          1
 Cigotuvi's Dreadful Rot  Necr/Pois/Air  22%        N/A       9%          2
 Passwall                 Tmut/Erth      9%         N/A       9%          2
 Sublimation of Blood     Necr           11%        N/A       9%          2
 Wereblood                Tmut           11%        N/A       9%          2
 Dazzling Flash           Conj/Hex       70%        N/A       1%          3
 Frozen Ramparts          Ice            42%        1d7       7%          3
 Hailstorm                Conj/Ice       16%        3d6       11%         3
 Volatile Blastmotes      Fire/Tloc      32%        2d12      11%         3
 Ignite Poison            Fire/Tmut/Pois 14%        N/A       13%         3
 Gell's Gravitas          Tloc           11%        N/A       17%         3
 Swiftness                Air            11%        N/A       17%         3
 Teleport Other           Tloc           11%        N/A       17%         3
 Vhi's Electric Charge    Tloc/Air       22%        N/A       17%         3
 Yara's Violent Unravell  Hex/Tmut       17%        3d8       19%         5
 Dispel Undead            Necr           11%        3d9       50%         4
 Iskenderun's Mystic Bla  Conj/Tloc      11%        2d4       50%         4
 Freezing Cloud           Conj/Ice/Air   7%         6-21      75%         5
 Arcjolt                  Conj/Air       5%         1d15      83%         5
 Summon Cactus Giant      Summ           10%        N/A       98%         6
 Starburst                Conj/Fire      8%         6d4       99%         6
 Death Channel            Necr           5%         N/A       100%        6
 Dispersal                Tloc           5%         N/A       100%        6
 Orb of Destruction       Conj           5%         9d5       100%        7
 Ozocubu's Refrigeration  Ice            10%        4d9       100%        7
 Spellforged Servitor     Conj/Summ      8%         N/A       100%        7
 Summon Hydra             Summ           10%        N/A       100%        7
 Maxwell's Capacitive Co  Air            5%         ∞         100%        8


Dungeon Overview and Level Annotations

Branches:
Dungeon (8/15)             Temple (1/1) D:5            Lair (1/5) D:8

Altars:
Ashenzari
Cheibriados
Dithmenos
Elyvilon
Fedhas
Hepliaklqana
Kikubaaqudgha
Makhleb
Nemelex Xobeh
Okawaru
Qazlal
Ru
Sif Muna
Trog
Uskayaw
Vehumet
Wu Jian
Xom
Yredelemnul
Zin
The Shining One
Lugonu

Shops:
D:8 *

Annotations:
D:5 1 runed translucent door
D:8 3 runed translucent doors, notthatgreg's ghost, novice OpCA


Innate Abilities, Weirdness & Mutations

You are very small and have problems with some larger weapons.
You are too small for most types of armour.
You have supernaturally acute eyesight. (SInv)
You cover ground extremely quickly. (Speed+++)


Message History

The water moccasin hisses angrily.
The water moccasin bites you but does no damage.
You hit the water moccasin.
The water moccasin is lightly wounded.
The water moccasin misses you. The water moccasin barely misses you.
The water moccasin closely misses you. The water moccasin bites you.
Casting: Ensorcelled Hibernation (safe; 1% risk of failure)
Confirm with . or Enter, or press ? or * to list all spells.
Aiming: Ensorcelled Hibernation (safe; 1% risk of failure)
Press: ? - help, Shift-Dir - straight line, f - water moccasin
Aim: a water moccasin (lightly wounded, umbra, chance to affect: 66%)
The water moccasin looks drowsy...
The helpless water moccasin fails to defend itself.
You skewer the water moccasin like a kebab!!!
You kill the water moccasin!
Dithmenos accepts your kill.
You start resting.
Magic restored.
You enter the shallow water.
Moving in this stuff is going to be slow.
You open the door.
A seven-headed hydra comes into view.
There is an open door here.
Found a yellow potion.
You enter the shallow water.
Moving in this stuff is going to be slow.
Found 11 gold pieces.
You enter the shallow water.
Moving in this stuff is going to be slow.
Found 5 stones and a spear.
The helpless seven-headed hydra fails to defend itself.
You skewer the seven-headed hydra like a kebab!!!
The seven-headed hydra is poisoned.
The seven-headed hydra is severely wounded.
The seven-headed hydra bites you! x2; The seven-headed hydra bites you.
* * * LOW HITPOINT WARNING * * *
The seven-headed hydra closely misses you.
The seven-headed hydra bites you!
You die...

P~≈~~.~≈≈≈≈≈≈≈≈≈≈≈#
~~≈≈~.~≈~≈~~~~#####
~~≈≈≈.~≈≈P...P#)$#
≈≈≈≈~..~.~..PP (!#
≈≈≈~..~#########.#
≈≈~P..~#~~#~.~..P#
≈~...~~#~.#P~.P.~#
≈~..#'###~#~.~~~~#
≈.P~#~~#†~#P.~~P@#
P..~#.~'.~'.~~.PD#
##################
#


You could see a seven-headed hydra (very poisoned).

Vanquished Creatures
  A torpor snail (D:8)
  2 cane toads (Lair:1)
  A komodo dragon (Lair:1)
  A rime drake (Lair:1)
  A hornet (D:8)
  Prince Ribbit (D:7)
  3 dream sheep
  A wyvern (Lair:1)
  9 yaks
  2 basilisks (Lair:1)
  A swamp worm (D:8)
  5 water moccasins
  4 orc warriors
  2 sky beasts
  2 ogres (D:6)
  A black bear (Lair:1)
  A phantom (D:4)
  2 kobold brigands
  12 bullfrogs
  A gnoll sergeant (D:7)
  2 scorpions
  2 wights (D:8)
  6 killer bees
  A howler monkey (D:8)
  3 jellies
  4 hounds
  6 orc priests
  3 iguanas
  A sleepcap (D:7)
  A human skeleton (D:5)
  7 orc wizards
  5 gnolls (D:7)
  9 adders
  A shadow imp (D:6)
  2 white imps
  3 ufetubi (D:6)
  A worm (D:2)
  A dart slug (D:3)
  20 orcs
  5 endoplasms
  3 giant cockroaches
  5 goblins
  9 hobgoblins
  3 jackals (D:2)
  3 quokkas
  4 ball pythons
  3 bats (D:2)
  3 frilled lizards
  A jackal skeleton (D:5)
  9 kobolds
  4 rats (D:2)
183 creatures vanquished.

Vanquished Creatures (collateral kills)
  A black bear (D:8)
  2 wights (D:8)
  3 orcs (D:8)
6 creatures vanquished.

Vanquished Creatures (others)
  9 dancing weapons
9 creatures vanquished.

Grand Total: 198 creatures vanquished

Notes
Turn   | Place    | Note
-------+----------+-------------------------------------------
     0 | D:1      | LynnLen the Spriggan Enchanter began the quest for the Orb.
     0 | D:1      | Reached XP level 1. HP: 9/9 MP: 5/5
   378 | D:1      | Reached XP level 2. HP: 13/13 MP: 6/6
   385 | D:1      | Learned a level 2 spell: Ensorcelled Hibernation
  1004 | D:2      | Reached skill level 5 in Stealth
  1117 | D:2      | Found a blossoming altar of Fedhas.
  1703 | D:2      | Reached XP level 3. HP: 16/16 MP: 0/8
  2172 | D:3      | Found a glowing golden altar of the Shining One.
  2234 | D:3      | Reached XP level 4. HP: 21/21 MP: 9/9
  2238 | D:3      | Learned a level 3 spell: Confusing Touch
  2242 | D:3      | Learned a level 3 spell: Tukima's Dance
  2275 | D:3      | Reached skill level 6 in Stealth
  2275 | D:3      | Reached skill level 1 in Ice Magic
  2858 | D:3      | Reached XP level 5. HP: 21/24 MP: 4/11
  2973 | D:4      | Found a radiant altar of Vehumet.
  3047 | D:4      | Reached skill level 5 in Hexes
  3185 | D:4      | Noticed a phantom
  3222 | D:4      | Killed a phantom
  3223 | D:4      | Reached skill level 7 in Stealth
  3223 | D:4      | Reached skill level 1 in Evocations
  3223 | D:4      | Reached XP level 6. HP: 28/28 MP: 7/12
  3769 | D:4      | Identified the +3 short sword of Diet Blood {venom, Int+2}
  4057 | D:5      | Entered Level 5 of the Dungeon
  4265 | D:5      | Found a staircase to the Ecumenical Temple.
  4272 | Temple   | Entered the Ecumenical Temple
  4335 | D:5      | Found a runed translucent door.
  4335 | D:5      | Noticed a human
  4386 | D:5      | Found a basalt altar of Yredelemnul.
  4806 | D:5      | Found a hazy altar of Hepliaklqana.
  4809 | D:5      | Found a snail-covered altar of Cheibriados.
  4812 | D:5      | Found a sacrificial altar of Ru.
  4843 | D:5      | Found an ancient bone altar of Kikubaaqudgha.
  4879 | D:5      | Reached skill level 8 in Stealth
  5091 | D:5      | Learned a level 3 spell: Summon Guardian Golem
  5173 | D:6      | Reached XP level 7. HP: 22/32 MP: 10/14
  5413 | D:6      | Reached skill level 9 in Stealth
  5594 | D:6      | Reached skill level 5 in Spellcasting
  5939 | D:6      | Found a large runed translucent door.
  5940 | D:6      | Found a large runed translucent door.
  6360 | D:6      | Reached skill level 10 in Stealth
  6360 | D:6      | Reached XP level 8. HP: 31/36 MP: 12/17
  6408 | D:6      | Found an iron altar of Okawaru.
  6414 | D:6      | Found a glowing silver altar of Zin.
  6714 | D:7      | Reached skill level 5 in Evocations
  6720 | D:7      | Reached skill level 11 in Stealth
  7071 | D:7      | Learned a level 3 spell: Inner Flame
  7073 | D:7      | Found the +16 obsidian axe {drain, demonic, Mesm Drain Fly
                  | SInv}
  7086 | D:7      | Noticed Prince Ribbit
  7111 | D:7      | Killed Prince Ribbit
  7205 | D:7      | Found a shadowy altar of Dithmenos.
  7254 | D:7      | Reached skill level 12 in Stealth
  7254 | D:7      | Reached XP level 9. HP: 39/39 MP: 20/20
  7274 | D:7      | Became a worshipper of Dithmenos the Shadowed
  7518 | D:8      | Found a shimmering blue altar of Sif Muna.
  7569 | D:8      | HP: 1/39 [hornet (8)]
  7658 | D:8      | Found a hide-covered altar of Uskayaw.
  8254 | D:8      | Reached skill level 13 in Stealth
  8481 | D:8      | Found Besehupo's Fire Supplies.
  8544 | D:8      | Reached * piety under Dithmenos
  8663 | D:8      | Found a blossoming altar of Fedhas.
  8708 | D:8      | Reached XP level 10. HP: 41/44 MP: 13/23
  8878 | D:8      | Found a runed translucent gate.
  8878 | D:8      | Found a runed translucent gate.
  8879 | D:8      | Found a runed translucent gate.
  8882 | D:8      | Noticed notthatgreg's ghost (novice OpCA)
  9129 | D:8      | Found a staircase to the Lair.
  9422 | Lair:1   | Entered Level 1 of the Lair of Beasts
  9493 | Lair:1   | Reached skill level 14 in Stealth
  9877 | Lair:1   | Noticed a cane toad
  9884 | Lair:1   | Killed a cane toad
 10072 | Lair:1   | Noticed a torpor snail
 10079 | Lair:1   | Reached skill level 1 in Summonings
 10079 | Lair:1   | Reached skill level 1 in Fire Magic
 10180 | D:8      | Learned a level 3 spell: Ozocubu's Armour
 10185 | D:8      | Learned a level 4 spell: Flame Wave
 10193 | D:8      | Learned a level 7 spell: Enfeeble
 10201 | D:8      | Reached skill level 10 in Hexes
 10325 | D:8      | Killed a torpor snail
 10326 | D:8      | Reached skill level 10 in Spellcasting
 10511 | Lair:1   | Reached skill level 15 in Stealth
 10552 | Lair:1   | Noticed a cane toad
 10599 | Lair:1   | Killed a cane toad
 10600 | Lair:1   | Reached XP level 11. HP: 21/47 MP: 24/26
 10713 | Lair:1   | Noticed a seven-headed hydra
 10722 | Lair:1   | Slain by a seven-headed hydra

Illustrated notes

Levels and vault maps discovered:
D:1:      tarquinn_simple_flora_water_d, layout_basic
D:2:      layout_loops_corners, basic_altar
D:3:      layout_basic, mainiacjoe_overflow_boulevard
D:4:      layout_cave_pods, lemuel_crystal_altar
D:5:      layout_basic, dk_yredelemnul_ordeal, grunt_temple_overflow_cloverleaf,
          minmay_temple_entry_wispy
D:6:      layout_basic, jmf_multi_god_temple2
D:7:      layout_loops_ring, mainiacjoe_overflow_six_doors_small,
          due_unseen_surprise, uniq_prince_ribbit1
D:8:      layout_loops_ring, kennysheep_mini, mainiacjoe_overflow_alcove_4,
          mainiacjoe_overflow_alcove_1, lair_entry_dummy,
          gammafunk_ghost_necromancy, nicolae_shop_fire_sale
          [nicolae_sub_dead_trees], worms_lemuel
Temple:   corrupted_temple
Lair:1:   cheibrodos_lair_river_kwai, layout_cave_pods,
          infiniplex_staircase_pool_2, grunt_megastairs_4, serial_bayou_shore_a

Skill      XL: |  1  2  3  4  5  6  7  8  9 10 |
---------------+-------------------------------+-----
Hexes          | 4 5 6 7 9 10 | 10.2
Stealth        | 5 6 7 8 10 12 13 15 | 15.1
Spellcasting   | 3 4 5 6 8 10 | 10.3
Ice Magic      | 1 2 |  2.0
Evocations     | 1 2 4 5 7 9 |  9.2
Summonings     | 1 |  1.9
Fire Magic     | 1 |  1.9
Short Blades   | |  1.1
Dodging        | |  2.6

Action                     |  1- 3 |  4- 6 |  7- 9 | 10-12 || total
---------------------------+-------+-------+-------+-------++-------
  Melee: Dagger            |   113 |    69 |       |       ||   182
         Short sword       |       |    32 |   178 |    56 ||   266
         Punch             |       |       |     2 |       ||     2
  Throw: Dart              |       |       |     7 |     9 ||    16
   Cast: Ensorcelled Hiber |     8 |    23 |    71 |    54 ||   156
         Confusing Touch   |       |     4 |     5 |     1 ||    10
         Tukima's Dance    |       |       |    21 |     4 ||    25
    Use: Scroll            |     1 |     6 |     2 |       ||     9
         Potion            |       |       |     2 |     1 ||     3
   Stab: Sleeping          |    13 |    24 |    51 |    29 ||   117
         Confused          |       |     4 |     3 |       ||     7
         Invisible         |       |       |     3 |       ||     3
         Distracted        |       |       |       |     1 ||     1
 Armour: Robe              |     9 |    10 |    17 |     5 ||    41
  Dodge: Dodged            |    94 |    54 |   126 |    47 ||   321
